Map: Divergence LE

Players

Massa - Winner!

  • Race: Terran Terran
  • League: Gold
  • Spawn Location: 11:00

qqq - Winner!

  • Race: Zerg Zerg
  • League: Platinum
  • Spawn Location: 11:00

ydwl

  • Race: Protoss Protoss
  • League: Platinum
  • Spawn Location: 5:00

Danielzpc

  • Race: Terran Terran
  • League: Gold
  • Spawn Location: 5:00

VOD

Have the link to the VOD?

Description

Time

  • Played on: May 7, 2020, 4:27 p.m.
  • Length: 4:06
Show
View Real Time Build Order
Export as new Build Order

Massa Terran - Winner!

Build Orders:  

Get SALT Encoding   

  12  0:13  SCV  
  13  0:15  Supply Depot  
  13  0:25  SCV  
  14  0:38  SCV, Barracks  
  15  0:50  SCV  
  15  0:56  Supply Depot  
  16  1:02  SCV  
  17  1:14  SCV  
  18  1:23  Barracks  
  18  1:25  Marine  
  19  1:26  SCV  
  19  1:28  Barracks  
  20  1:40  Refinery  
  20  1:42  Marine  
  21  2:00  Marine  
  22  2:06  Barracks  
  22  2:07  Orbital Command  
  22  2:13  Marine  
  23  2:16  Marine  
  23  2:18  Marine  
  25  2:30  Marine  
  25  2:34  Marine  
  25  2:35  Supply Depot  
  25  2:36  Marine  
  28  2:41  Supply Depot  
  28  2:44  SCV  
  28  2:48  Marine  
  30  2:52  Marine  
  30  2:56  Marine x2  
  33  3:09  Marine  
  33  3:10  Marine  
  35  3:14  Marine x2  
  37  3:27  Marine x2  
  37  3:29  Supply Depot  
  37  3:31  Marine x2  
  37  3:32  Factory  
  41  3:45  Marine x2  
Show
View Real Time Build Order
Export as new Build Order

qqq Zerg - Winner!

Build Orders: Hatch First 

Get SALT Encoding   

  12  0:02  Drone  
  13  0:08  Drone  
  14  0:36  Hatchery  
  14  0:40  Drone  
  14  0:56  Spawning Pool  
  13  1:05  Extractor, Overlord  
  13  1:08  Drone  
  13  1:12  Drone  
  14  1:24  Drone  
  15  1:34  Drone  
  15  1:39  Drone  
  17  1:49  Drone  
  17  1:50  Zergling x2  
  19  2:00  Zergling x2  
  20  2:01  Zergling x2  
  21  2:09  Metabolic Boost  
  21  2:12  Zergling x2  
  21  2:14  Zergling x2  
  23  2:24  Zergling x2  
  23  2:27  Drone  
  25  2:32  Hatchery, Zergling x2  
  25  2:35  Zergling x2  
  26  2:42  Overlord  
  26  2:47  Zergling x2  
  27  3:02  Drone, Evolution Chamber  
  27  3:03  Zergling x2  
  27  3:04  Zergling x2  
  29  3:06  Zergling x2  
  30  3:15  Zergling x2  
  30  3:19  Drone  
  32  3:29  Zergling x2  
  32  3:31  Zergling x2  
  34  3:38  Drone  
  34  4:03  Hatchery  
Show
View Real Time Build Order
Export as new Build Order

ydwl Protoss 

Build Orders: 1 Gate Expand 

Get SALT Encoding   

  12  0:01  Probe  
  13  0:13  Probe  
  14  0:26  Probe  
  15  0:28  Pylon  
  15  0:46  Probe  
  16  0:50  Gateway  
  16  0:58  Probe  
  16  0:59  Assimilator  
  17  1:11  Probe  
  18  1:24  Probe  
  19  1:34  Nexus  
  19  1:36  Probe  
  20  1:42  Cybernetics Core  
  20  1:47  Assimilator  
  20  1:49  Probe  
  21  1:54  Zealot  
  23  2:15  Pylon  
  23  2:23  Warp Gate  
  23  2:33  Probe  
  24  2:39  Stargate  
  24  2:46  Probe (Chrono Boost)  
  24  2:47  Probe (Chrono Boost)  
  24  2:48  Stalker  
  30  2:58  Probe (Chrono Boost)  
  30  2:59  Probe (Chrono Boost)  
  31  3:05  Probe (Chrono Boost)  
  31  3:06  Probe (Chrono Boost)  
  31  3:07  Pylon  
  31  3:11  Probe  
  30  3:13  Probe  
  32  3:23  Probe  
  32  3:24  Adept  
  32  3:25  Probe  
  36  3:39  Probe x2, Fleet Beacon  
Show
View Real Time Build Order
Export as new Build Order

Danielzpc Terran 

Build Orders:  

Get SALT Encoding   

  12  0:01  SCV  
  13  0:13  Supply Depot  
  13  0:18  SCV  
  14  0:25  Refinery  
  14  0:40  Barracks  
  14  0:43  SCV  
  15  1:00  SCV  
  16  1:12  SCV  
  17  1:24  SCV  
  18  1:27  Reaper  
  18  1:32  Bunker  
  19  1:36  SCV  
  20  1:42  Refinery  
  20  1:49  SCV  
  21  1:58  Factory  
  21  2:02  Marine  
  21  2:05  SCV  
  21  2:08  Supply Depot  
  23  2:33  SCV  
  23  2:35  Barracks Tech Lab  
  24  2:41  Command Center  
  24  2:43  Factory Tech Lab  
  24  2:45  SCV  
  25  2:54  Engineering Bay  
  26  3:00  Orbital Command  
  25  3:12  Siege Tank  
  28  3:16  Marine  
Tags
 
Add a new tag
Caveats
  • Supply blocks, unpowered buildings, or Contaminate may cause inaccurate times.
  • Supply counts are checked every 10 seconds.